Map: Dreamcatcher LE

Players

ShoWTimE

  • Race: Protoss Protoss
  • Spawn Location: 11:00

Neeb - Winner!

  • Race: Protoss Protoss
  • Spawn Location: 5:00

Event: WCS Valencia 2018

VOD

Have the link to the VOD?

Description

Time

  • Played on: July 12, 2018, 10:52 a.m.
  • Length: 19:37

All games in this series

Show
View Real Time Build Order
Export as new Build Order

ShoWTimE Protoss 

Build Orders: Oracle Opening 

Get SALT Encoding   

  12  0:00  Probe  
  13  0:12  Probe  
  14  0:17  Pylon  
  14  0:24  Probe  
  15  0:32  Probe  
  15  0:38  Gateway  
  15  0:40  Probe  
  16  0:47  Assimilator  
  17  0:50  Probe  
  17  0:55  Assimilator  
  18  0:58  Probe  
  19  1:06  Probe  
  20  1:13  Gateway  
  20  1:17  Probe  
  20  1:24  Cybernetics Core  
  21  1:29  Probe  
  22  1:35  Pylon  
  22  1:41  Probe  
  23  1:53  Probe  
  26  2:01  Adept x2  
  26  2:02  Warp Gate  
  28  2:09  Pylon  
  28  2:21  Stargate  
  28  2:31  Adept x2  
  32  2:40  Pylon  
  32  2:56  Oracle  
  32  2:58  Adept x2  
  39  3:18  Pylon  
  39  3:23  Oracle  
  39  3:31  Shield Battery  
  42  3:41  Shield Battery  
  42  3:54  Oracle  
  42  4:03  Gateway  
  42  4:09  Stalker  
  47  4:12  Adept  
  47  4:15  Pylon  
  49  4:25  Probe  
  50  4:37  Nexus  
  50  4:39  Probe  
  51  4:51  Probe  
  52  4:54  Robotics Facility  
  52  5:03  Probe  
  53  5:16  Probe  
  50  5:28  Probe  
  46  5:31  Sentry  
  46  5:32  Immortal  
  48  5:37  Pylon  
  48  5:40  Probe  
  53  5:46  Probe  
  54  5:50  Sentry  
  54  5:52  Probe  
  54  5:54  Probe  
  57  6:03  Twilight Council, Probe  
  58  6:04  Probe  
  60  6:12  Observer  
  60  6:15  Probe  
  60  6:16  Probe, Pylon  
  63  6:18  Shield Battery  
  61  6:32  Stalker  
  61  6:34  Immortal, Resonating Glaives  
  61  6:35  Probe  
  61  6:36  Pylon  
  66  6:49  Assimilator  
  66  6:52  Assimilator  
  66  6:59  Pylon  
  66  7:02  Gateway  
  66  7:03  Gateway  
  66  7:04  Adept x2  
  66  7:05  Gateway  
  70  7:11  Adept  
  70  7:13  Phoenix  
  69  7:16  Probe  
  70  7:26  Probe  
  70  7:28  Probe  
  72  7:36  Gateway  
  72  7:38  Warp Prism  
  72  7:43  Adept x2  
  78  7:59  Gateway  
  78  8:01  Gateway  
  78  8:05  Adept x2  
  82  8:14  Probe x2  
  84  8:20  Pylon  
  84  8:31  Adept x6  
  96  8:39  Pylon  
  96  8:53  Adept  
  96  8:54  Adept x4  
  106  8:57  Adept  
  93  9:20  Adept x6  
  88  9:29  Adept x2  
  82  9:36  Immortal  
  82  9:59  Adept x2  
  86  10:00  Adept x3  
  86  10:03  Sentry  
  86  10:04  Adept  
  96  10:07  Adept  
  98  10:19  Pylon  
  98  10:24  Stalker x2  
  98  10:32  Adept x2  
  89  10:52  Adept x4  
  89  10:53  Adept  
  97  11:03  Pylon  
  93  11:11  Adept x2  
  93  11:12  Adept  
  93  11:13  Adept  
  93  11:14  Adept  
  103  11:19  Adept  
  103  11:23  Adept  
  106  11:29  Adept  
  108  11:34  Adept x2  
  112  11:48  Adept x3  
  110  12:06  Adept x2  
  114  12:14  Adept x4  
  118  12:18  Adept  
  112  12:36  Pylon  
  112  12:38  Pylon  
  112  12:40  Pylon  
  112  12:42  Dark Shrine  
  112  12:55  Nexus  
  112  12:58  Pylon  
  112  12:59  Observer  
  113  13:28  Adept x3  
  113  13:29  Adept x4  
  113  13:33  Adept  
  129  13:55  Pylon x2  
  117  14:03  Phoenix  
  113  14:10  Pylon  
  113  14:14  Dark Templar x3  
  113  14:15  Dark Templar  
  121  14:18  Observer  
  121  14:20  Dark Templar  
  124  14:27  Pylon  
  124  14:35  Dark Templar  
  126  14:39  Dark Templar  
  116  15:14  Dark Templar x3  
  122  15:31  Nexus  
  122  15:33  Pylon  
  122  15:58  Adept x3  
  122  15:59  Adept  
  130  16:08  Phoenix  
  108  16:57  Adept x6  
  112  17:08  Adept x2, Phoenix  
  109  17:25  Phoenix  
  109  17:26  Observer  
  67  18:23  Assimilator  
  57  19:28  Assimilator  
Show
View Real Time Build Order
Export as new Build Order

Neeb Protoss - Winner!

Build Orders:  

Get SALT Encoding   

  12  0:00  Probe  
  13  0:13  Probe  
  14  0:17  Pylon  
  14  0:23  Probe  
  15  0:31  Probe  
  16  0:37  Gateway  
  16  0:39  Probe  
  16  0:47  Assimilator  
  17  0:50  Probe  
  17  0:55  Assimilator  
  18  0:58  Probe  
  19  1:07  Probe  
  19  1:08  Gateway  
  20  1:18  Probe  
  21  1:25  Cybernetics Core  
  21  1:30  Probe  
  22  1:37  Pylon  
  22  1:42  Probe  
  23  1:55  Probe  
  24  2:02  Stalker x2  
  24  2:04  Warp Gate  
  28  2:08  Probe  
  28  2:15  Pylon  
  29  2:32  Stalker x2  
  33  2:54  Gateway  
  33  3:02  Stalker  
  37  3:06  Pylon  
  37  3:07  Shield Battery  
  37  3:10  Stalker  
  37  3:17  Shield Battery  
  37  3:41  Nexus  
  37  3:52  Robotics Facility  
  37  3:55  Probe  
  38  4:10  Sentry x3  
  38  4:12  Probe  
  45  4:18  Pylon  
  45  4:24  Probe  
  45  4:30  Twilight Council  
  45  4:37  Shield Battery, Probe  
  46  4:39  Observer  
  47  4:53  Probe  
  47  4:54  Stalker  
  47  4:55  Stalker  
  52  5:00  Probe  
  53  5:07  Shield Battery  
  53  5:13  Stalker  
  47  5:15  Probe x2  
  45  5:23  Probe  
  45  5:27  Probe  
  44  5:32  Warp Prism  
  44  5:33  Probe  
  46  5:39  Probe  
  48  5:45  Sentry x2  
  48  5:47  Sentry  
  54  5:51  Probe  
  54  5:53  Probe  
  56  6:03  Probe  
  57  6:05  Probe  
  57  6:07  Blink  
  58  6:12  Probe  
  58  6:13  Probe  
  60  6:20  Probe  
  60  6:21  Probe  
  60  6:30  Probe  
  62  6:35  Pylon x2  
  62  6:37  Forge  
  62  6:46  Assimilator  
  62  6:49  Probe x2, Assimilator  
  62  6:53  Adept x2  
  67  6:57  Probe  
  67  6:59  Probe  
  67  7:07  Probe  
  69  7:08  Probe  
  71  7:19  Protoss Ground Weapons Level 1  
  67  7:25  Gateway x2  
  67  7:26  Gateway, Probe  
  67  7:27  Probe  
  69  7:31  Gateway  
  69  7:32  Templar Archives  
  69  7:39  Probe  
  70  7:47  Sentry  
  70  7:48  Zealot  
  70  7:49  Zealot  
  76  7:57  Pylon  
  76  8:09  Charge  
  76  8:14  Nexus  
  76  8:18  High Templar  
  76  8:19  Zealot, High Templar  
  82  8:23  Immortal  
  82  8:26  Archon  
  86  8:33  Pylon  
  86  8:42  Pylon  
  86  8:44  Pylon  
  86  8:51  High Templar x2  
  90  8:56  Immortal  
  90  8:57  Archon  
  90  8:59  Nexus  
  92  9:15  Stalker x4  
  92  9:16  Probe x2  
  90  9:20  Shield Battery  
  78  9:34  Stalker  
  78  9:35  Stalker  
  78  9:40  Sentry, Zealot x2  
  84  9:55  Immortal  
  84  9:57  Pylon  
  88  10:05  Adept x2  
  93  10:07  Probe  
  93  10:09  Probe  
  94  10:19  Probe  
  96  10:22  Stalker  
  96  10:23  Probe  
  96  10:25  Probe  
  95  10:36  Probe x2  
  95  10:38  Probe  
  98  10:44  High Templar x2  
  98  10:48  High Templar x2  
  98  10:49  Archon  
  106  10:51  Zealot x3  
  106  10:53  Archon  
  112  11:03  Probe x2  
  112  11:04  Probe  
  113  11:12  Photon Cannon  
  113  11:13  Assimilator  
  113  11:15  Zealot, High Templar x2  
  113  11:17  Assimilator  
  119  11:19  Archon  
  119  11:20  Zealot x2  
  119  11:23  Probe  
  124  11:29  Zealot x2  
  125  11:39  Zealot  
  119  11:40  Zealot x2  
  119  11:43  Probe  
  119  11:44  Probe  
  119  11:46  Probe  
  114  11:55  Stalker x4  
  114  11:58  Probe  
  114  12:01  Probe  
  124  12:02  Probe  
  125  12:14  Immortal  
  123  12:16  Protoss Ground Weapons Level 2  
  127  12:24  High Templar x3  
  127  12:28  Pylon  
  133  12:31  Pylon  
  133  12:35  Probe  
  133  12:36  Archon  
  128  12:37  High Templar x2  
  128  12:43  Archon  
  132  12:45  Pylon  
  132  12:47  Pylon  
  132  12:52  High Templar  
  132  12:53  Zealot  
  132  12:55  Immortal  
  132  12:58  Probe  
  137  13:02  Archon  
  141  13:10  Probe  
  142  13:13  Zealot x3, High Templar x2  
  142  13:17  Archon  
  152  13:22  Pylon, Probe  
  153  13:33  Nexus  
  153  13:35  High Templar x2, Pylon  
  153  13:40  Zealot, Archon  
  153  13:41  Zealot  
  161  13:49  High Templar x2  
  161  13:50  Zealot  
  161  13:54  Archon  
  163  14:07  Probe  
  163  14:10  Probe x2  
  165  14:17  Nexus  
  165  14:19  Zealot x2, High Templar x2, Pylon  
  165  14:21  Pylon  
  173  14:25  Archon, Pylon  
  173  14:29  Photon Cannon  
  150  14:47  Probe  
  147  14:54  Stalker x4  
  147  14:59  Photon Cannon  
  154  15:01  Robotics Facility  
  140  15:26  High Templar x5  
  140  15:27  Zealot x2  
  151  15:29  Pylon  
  151  15:32  Pylon  
  151  15:33  Pylon  
  151  15:34  Gateway x2  
  151  15:35  Pylon  
  151  15:36  Gateway  
  151  15:37  Archon x2  
  151  15:41  Observer  
  151  15:42  Gateway  
  152  15:50  Zealot, High Templar  
  156  15:57  Archon  
  156  16:18  Pylon  
  156  16:25  Pylon  
  156  16:29  Pylon  
  156  16:31  Pylon  
  156  16:32  Pylon  
  149  16:39  Robotics Facility  
  134  16:48  Zealot x2  
  134  16:49  Zealot x2  
  134  16:50  Zealot  
  136  17:03  Probe x2  
  136  17:05  Probe  
  137  17:10  Pylon  
  137  17:12  Robotics Facility  
  129  17:33  High Templar  
  129  17:34  High Templar x2  
  129  17:35  High Templar x2  
  129  17:36  Nexus  
  139  17:38  Archon x2  
  123  18:12  Pylon  
  123  18:15  Pylon  
  121  18:25  Observer, Pylon  
  121  18:45  Photon Cannon  
  120  18:48  Observer  
  105  19:09  Photon Cannon  
Tags
 
Add a new tag
Caveats
  • Supply blocks, unpowered buildings, or Contaminate may cause inaccurate times.
  • Supply counts are checked every 10 seconds.